Map: World of Sleepers LE

Players

TLO - Winner!

  • Race: Zerg Zerg
  • Spawn Location: 7:00

PappiJoe

  • Race: Protoss Protoss
  • Spawn Location: 1:00

Event: IEM Katowice 2020

VOD

Have the link to the VOD?

Description

Time

  • Played on: Feb. 24, 2020, 9:13 a.m.
  • Length: 12:47

All games in this series

Show
View Real Time Build Order
Export as new Build Order

TLO Zerg - Winner!

Build Orders: Hatch First, Roach Hydra 

Get SALT Encoding   

  12  0:00  Drone  
  13  0:12  Overlord  
  13  0:17  Drone  
  14  0:31  Drone x2  
  16  0:49  Hatchery  
  15  0:52  Drone  
  15  0:55  Drone  
  17  0:58  Drone  
  18  1:05  Extractor  
  17  1:14  Spawning Pool  
  17  1:18  Drone  
  17  1:21  Drone  
  18  1:28  Drone  
  19  1:41  Drone  
  20  1:49  Drone  
  21  1:59  Overlord  
  21  2:00  Queen  
  23  2:03  Queen  
  23  2:06  Drone  
  26  2:08  Metabolic Boost  
  26  2:12  Zergling x2  
  27  2:16  Drone  
  27  2:21  Drone  
  29  2:36  Hatchery  
  28  2:37  Drone  
  29  2:44  Queen  
  29  2:47  Zergling x2  
  32  2:52  Overlord  
  32  2:54  Drone  
  32  2:56  Drone  
  34  3:03  Drone  
  34  3:04  Overlord  
  34  3:05  Drone  
  36  3:12  Drone  
  36  3:15  Drone x2  
  36  3:17  Drone  
  36  3:19  Overlord  
  39  3:21  Drone  
  39  3:24  Drone  
  39  3:25  Drone  
  42  3:29  Drone  
  42  3:31  Zergling x2  
  44  3:35  Lair  
  44  3:42  Drone, Roach Warren  
  44  3:47  Extractor x2  
  44  3:48  Drone x2  
  44  3:50  Drone  
  44  3:52  Drone  
  44  3:53  Drone  
  47  3:58  Queen  
  47  3:59  Drone  
  47  4:02  Drone  
  51  4:04  Drone  
  51  4:08  Overlord  
  52  4:18  Zergling x4  
  52  4:20  Drone  
  55  4:28  Roach  
  55  4:29  Roach x6  
  69  4:32  Glial Reconstitution  
  69  4:38  Spore Crawler  
  67  4:39  Roach x2  
  67  4:44  Overlord  
  71  4:46  Spore Crawler  
  71  4:47  Zergling x2  
  71  4:50  Overlord  
  71  4:52  Overseer  
  71  4:56  Overlord  
  71  5:01  Drone  
  72  5:07  Drone  
  72  5:08  Drone  
  72  5:09  Drone  
  72  5:11  Drone  
  72  5:13  Drone, Queen  
  79  5:16  Drone  
  79  5:20  Queen  
  82  5:21  Drone  
  82  5:25  Drone  
  84  5:29  Drone  
  84  5:30  Overlord  
  84  5:31  Spore Crawler  
  84  5:32  Queen  
  86  5:36  Spore Crawler  
  86  5:37  Spore Crawler  
  86  5:40  Zergling x2  
  85  5:43  Spore Crawler  
  85  5:45  Overlord  
  85  5:46  Drone  
  85  5:48  Zergling x4  
  87  5:50  Spore Crawler  
  87  5:54  Zergling x2  
  87  5:55  Baneling Nest  
  87  5:56  Zergling x2, Drone  
  88  5:58  Drone  
  88  5:59  Drone  
  88  6:00  Zergling x2  
  91  6:04  Drone  
  91  6:05  Drone  
  91  6:08  Drone  
  94  6:12  Drone  
  94  6:13  Drone  
  94  6:16  Overlord  
  97  6:18  Zergling x4  
  97  6:19  Zergling x2, Evolution Chamber  
  97  6:24  Drone x2  
  99  6:26  Roach x2  
  99  6:27  Roach  
  99  6:30  Overlord  
  99  6:31  Overlord  
  104  6:34  Pneumatized Carapace  
  104  6:36  Drone x3  
  104  6:37  Drone  
  108  6:41  Centrifical Hooks  
  108  6:45  Zergling x4  
  108  6:46  Zergling x2  
  111  6:49  Zergling x2  
  111  6:50  Zerg Melee Weapons Level 1  
  111  6:51  Zergling x2  
  111  6:52  Zergling x2  
  114  6:59  Zergling x2  
  115  7:02  Zergling x2  
  115  7:03  Zergling x4, Hydralisk Den  
  117  7:10  Drone  
  117  7:12  Drone  
  117  7:14  Baneling x3  
  116  7:20  Roach x2  
  116  7:22  Drone  
  117  7:26  Extractor  
  117  7:27  Extractor  
  117  7:29  Baneling  
  109  7:30  Drone x2  
  109  7:31  Drone x11, Queen  
  109  7:35  Drone, Muscular Augments  
  118  7:42  Hydralisk x2  
  119  7:47  Hydralisk x2  
  119  7:48  Queen  
  119  7:49  Drone  
  124  7:52  Hydralisk  
  124  7:53  Extractor  
  124  7:57  Queen, Hydralisk  
  120  7:59  Hydralisk  
  120  8:02  Hydralisk  
  120  8:03  Hydralisk  
  121  8:05  Roach  
  121  8:08  Roach  
  121  8:11  Roach  
  114  8:14  Roach  
  114  8:15  Roach, Infestation Pit  
  114  8:16  Roach  
  119  8:21  Spore Crawler  
  119  8:23  Spore Crawler, Roach  
  119  8:27  Roach, Hydralisk  
  119  8:28  Hydralisk  
  119  8:29  Roach  
  119  8:34  Overlord  
  127  8:38  Overlord  
  127  8:39  Overseer  
  127  8:40  Overlord x2  
  127  8:44  Overlord, Zerg Missile Weapons Level 1  
  127  8:47  Grooved Spines  
  127  8:48  Baneling  
  127  8:49  Baneling x3, Overlord  
  127  8:53  Roach  
  129  9:00  Roach  
  129  9:01  Roach  
  129  9:02  Roach x2  
  128  9:04  Roach  
  128  9:06  Roach  
  128  9:09  Hydralisk x2  
  117  9:13  Roach  
  117  9:17  Roach  
  114  9:18  Roach  
  114  9:21  Roach  
  114  9:24  Drone  
  114  9:25  Drone  
  114  9:29  Drone x2  
  118  9:32  Hydralisk  
  118  9:36  Roach  
  118  9:38  Drone  
  123  9:44  Drone  
  123  9:45  Drone, Queen  
  125  9:50  Infestor  
  129  9:53  Hydralisk  
  129  9:55  Zergling x2  
  132  10:02  Hydralisk x2  
  132  10:04  Hydralisk  
  138  10:07  Hydralisk  
  138  10:11  Hydralisk  
  142  10:15  Hydralisk  
  142  10:17  Hydralisk  
  142  10:20  Hydralisk  
  148  10:21  Overlord  
  148  10:27  Hydralisk  
  148  10:28  Hydralisk  
  150  10:29  Spore Crawler  
  150  10:32  Overlord  
  150  10:33  Overlord  
  150  10:35  Overlord  
  149  10:37  Hydralisk  
  149  10:39  Zergling x2  
  149  10:41  Hydralisk  
  152  10:43  Hydralisk  
  152  10:48  Hydralisk  
  152  10:52  Roach  
  152  10:53  Spine Crawler  
  152  10:57  Hydralisk  
  152  11:04  Hydralisk x4  
  149  11:08  Overseer  
  157  11:12  Roach  
  157  11:13  Roach x2  
  157  11:15  Roach  
  157  11:17  Roach  
  167  11:20  Roach  
  167  11:22  Roach  
  167  11:24  Roach  
  171  11:26  Hydralisk  
  171  11:29  Hydralisk  
  175  11:34  Hydralisk  
  175  11:37  Hydralisk  
  179  11:40  Hydralisk  
  181  11:48  Hydralisk x2  
  185  11:55  Hydralisk x3  
  185  11:58  Roach  
  185  12:00  Roach  
  191  12:02  Roach  
  191  12:06  Roach  
  191  12:07  Roach  
  189  12:11  Roach  
  189  12:13  Roach  
  190  12:16  Roach  
  192  12:26  Overseer, Overlord  
  192  12:28  Overseer x3  
Show
View Real Time Build Order
Export as new Build Order

PappiJoe Protoss 

Build Orders: 1 Gate Expand 

Get SALT Encoding   

  12  0:00  Probe  
  13  0:14  Probe  
  13  0:18  Pylon  
  14  0:26  Probe  
  15  0:37  Gateway  
  15  0:39  Probe (Chrono Boost)  
  16  0:44  Assimilator  
  16  0:48  Probe (Chrono Boost)  
  17  0:53  Probe  
  18  1:06  Probe  
  19  1:18  Probe  
  20  1:25  Nexus  
  20  1:35  Cybernetics Core  
  20  1:36  Probe  
  21  1:44  Assimilator  
  21  1:48  Probe  
  21  1:52  Pylon  
  22  2:01  Probe  
  23  2:08  Adept (Chrono Boost)  
  23  2:11  Warp Gate  
  23  2:13  Probe  
  26  2:25  Probe  
  27  2:30  Twilight Council  
  27  2:34  Stalker  
  29  2:37  Probe (Chrono Boost)  
  29  2:41  Probe (Chrono Boost)  
  31  2:49  Probe (Chrono Boost)  
  31  2:51  Probe (Chrono Boost)  
  33  2:54  Probe (Chrono Boost)  
  33  2:56  Probe (Chrono Boost)  
  35  3:03  Probe (Chrono Boost)  
  36  3:08  Probe (Chrono Boost)  
  36  3:09  Resonating Glaives  
  39  3:20  Probe (Chrono Boost), Gateway x2  
  39  3:21  Probe (Chrono Boost)  
  39  3:24  Adept  
  39  3:26  Probe (Chrono Boost)  
  42  3:28  Probe (Chrono Boost)  
  42  3:32  Assimilator  
  42  3:34  Assimilator  
  42  3:35  Probe  
  42  3:40  Probe  
  44  3:42  Pylon  
  44  3:46  Pylon  
  44  3:47  Probe  
  45  3:52  Probe  
  46  4:00  Probe  
  47  4:04  Probe  
  47  4:06  Stargate  
  47  4:07  Stargate  
  48  4:12  Probe  
  49  4:17  Pylon  
  49  4:18  Adept x3  
  49  4:21  Probe  
  56  4:30  Pylon  
  56  4:39  Adept x3  
  56  4:40  Protoss Air Weapons Level 1  
  62  4:50  Phoenix x2 (Chrono Boost)  
  66  4:59  Dark Shrine  
  66  5:12  Phoenix (Chrono Boost)  
  70  5:17  Phoenix (Chrono Boost)  
  70  5:26  Pylon  
  70  5:27  Phoenix (Chrono Boost)  
  70  5:28  Shield Battery  
  74  5:36  Phoenix (Chrono Boost)  
  74  5:43  Gateway  
  74  5:44  Gateway  
  74  5:45  Phoenix (Chrono Boost)  
  74  5:46  Pylon  
  76  5:56  Pylon  
  76  6:02  Phoenix (Chrono Boost)  
  80  6:12  Phoenix (Chrono Boost)  
  80  6:14  Nexus  
  80  6:16  Pylon  
  80  6:23  Phoenix (Chrono Boost)  
  79  6:33  Nexus  
  79  6:36  Adept x3  
  79  6:39  Phoenix (Chrono Boost), Adept x2  
  91  6:41  Phoenix (Chrono Boost)  
  91  6:54  Pylon  
  91  6:56  Adept x3  
  97  7:03  Phoenix (Chrono Boost)  
  101  7:08  Phoenix (Chrono Boost)  
  101  7:20  Phoenix  
  101  7:22  Adept  
  101  7:32  Dark Templar  
  89  7:42  Phoenix  
  87  7:48  Dark Templar  
  87  7:50  Adept  
  87  7:51  Adept  
  86  7:59  Adept  
  86  8:08  Adept  
  88  8:18  Adept x2  
  92  8:20  Adept x2  
  92  8:22  Phoenix  
  92  8:23  Phoenix  
  100  8:29  Nexus  
  100  8:32  Pylon  
  100  8:34  Dark Templar  
  100  8:35  Pylon  
  100  8:46  Adept  
  84  9:10  Phoenix  
  84  9:11  Phoenix  
  76  9:19  Probe x2  
  78  9:28  Adept  
  78  9:29  Adept x3  
  84  9:31  Probe x2  
  84  9:35  Phoenix (Chrono Boost)  
  84  9:36  Phoenix (Chrono Boost)  
  84  9:43  Probe  
  84  9:45  Adept  
  87  9:51  Probe  
  87  9:52  Adept x2  
  92  9:56  Adept x2  
  92  9:59  Probe  
  97  10:04  Probe  
  97  10:06  Adept  
  100  10:18  Phoenix (Chrono Boost)  
  100  10:20  Adept x4  
  110  10:29  Adept  
  110  10:35  Probe x2  
  114  10:38  Assimilator  
  114  10:40  Assimilator  
  114  10:41  Adept x4  
  122  10:50  Phoenix  
  122  10:51  Phoenix, Probe  
  122  10:52  Probe  
  126  11:06  Adept x3  
  132  11:21  Pylon  
  132  11:24  Pylon  
  132  11:25  Pylon  
  132  11:30  Pylon  
  132  11:39  Adept x4  
  128  11:56  Robotics Facility  
  84  12:16  Adept  
  84  12:17  Adept x4  
  94  12:29  Gateway  
  94  12:30  Gateway  
  94  12:33  Gateway  
  92  12:37  Dark Templar x4  
  92  12:40  Dark Templar  
  92  12:42  Archon  
  92  12:44  Archon  

Tags
 
Add a new tag
Caveats
  • Supply blocks, unpowered buildings, or Contaminate may cause inaccurate times.
  • Supply counts are checked every 10 seconds.